 Dungeon Crawl Stone Soup version 0.28-a0-915-gcd63401287 (webtiles) character file.

Game seed: 17617094705288508205

16 kae the Ruffian (level 2, 0/23 HPs)
             Began as a Draconian Transmuter on Nov 25, 2021.
             Succumbed to an adder's poison
             ... on level 1 of the Dungeon.
             The game lasted 00:00:22 (750 turns).

kae the Ruffian (Draconian Transmuter)               Turns: 750, Time: 00:00:23

Health: 0/23       AC:  4    Str: 12    XL:     2   Next: 41%
Magic:  2/5        EV: 12    Int: 13    God:
Gold:   63         SH:  4    Dex: 11    Spells: 4/5 levels left

rFire   . . .      SeeInvis .     - Unarmed
rCold   . . .      Faith    .   (no shield)
rNeg    . . .      Spirit   +   (armour unavailable)
rPois   .          Reflect  .   (helmet restricted)
rElec   .          Harm     .   (no cloak)
rCorr   .          Rampage  .   (no gloves)
Will    .....                   (no boots)
Stlth   +.........              a - amulet of guardian spirit
HPRegen 0.07/turn               (no ring)
MPRegen 0.09/turn               (no ring)

@: lethally poisoned (0 -> -8)
A: AC +4, unfitting armour, cold-blooded, large bone plates 1, MP-powered wands
a: no special abilities


You were on level 1 of the Dungeon.
You visited 1 branch of the dungeon, and saw 2 of its levels.

You collected 63 gold pieces.

Inventory:

Jewellery
 a - an amulet of guardian spirit (around neck)
Scrolls
 c - a scroll of enchant armour {unknown}
 d - a scroll of fear {unknown}
 h - a scroll of teleportation {unknown}
Potions
 e - a potion of invisibility {unknown}
 f - a potion of flight {unknown}
 g - a potion of heal wounds {unknown}


   Skills:
 + Level 1.3 Fighting
 + Level 1.9 Dodging
 * Level 3.3 Unarmed Combat
 + Level 2.0 Spellcasting
 * Level 2.3 Transmutations


You had 4 spell levels left.
You knew the following spells:

 Your Spells              Type           Power      Damage    Failure   Level
a - Beastly Appendage     Tmut           14%        N/A       10%         1

Your spell library contained the following spells:

 Spells                   Type           Power      Damage    Failure   Level
 Wereblood                Tmut           7%         N/A       14%         2
 Spider Form              Tmut/Pois      4%         N/A       43%         3
 Ice Form                 Ice/Tmut       4%         N/A       83%         4


Dungeon Overview and Level Annotations

Branches:
Dungeon (2/15)

Altars:

Annotations:
D:2 Jessica


Innate Abilities, Weirdness & Mutations

Your plain brown scales are hard. (AC +4)
You cannot fit into any form of body armour.
You are cold-blooded and may be slowed by cold attacks.
You are partially covered in large bone plates. (SH +4)
You expend magic power (3 MP) to strengthen your wands.


Message History

There are monsters nearby!
You miss the adder. Your headbutt misses the adder.
The adder is lightly wounded.
The bat hits you. The adder bites you but does no damage.
You hit the adder. Your headbutt misses the adder.
The adder is moderately wounded.
The bat closely misses you. The adder bites you.
There are monsters nearby!
You miss the adder.
Your tail-slap misses the adder.
The adder is moderately wounded.
The bat closely misses you.
Jessica gestures wildly while chanting.
Jessica blinks!
The adder bites you.
You are poisoned.
The adder poisons you! Jessica casts a spell at you.
Pain shoots through your body! The adder bites you but does no damage.
You are too injured to fight recklessly!
There are monsters nearby!
You are too injured to fight recklessly!
You are too injured to fight recklessly!
There are monsters nearby!
You are too injured to fight recklessly!
You are too injured to fight recklessly!
There are monsters nearby!
You are too injured to fight recklessly!
You are too injured to fight recklessly!
You feel sick. The bat hits you but does no damage. The adder bites you.
* * * LOW HITPOINT WARNING * * *
You are more poisoned.
The adder poisons you!
You climb upwards.
* * * LOW HITPOINT WARNING * * *
You feel very sick.
There is a stone staircase leading down here.
It was a potion of mutation.
You feel extremely strange.
Large bone plates grow over parts of your arms.
You feel your magical essence link to the dungeon's wands.
Your horns disappear.
Your talons disappear.
You die...

..# #.# #.# #.#
#.# #.###########
#...........#
###########.######
...............S@#
########.##.####.#
.......#.##.# #.#
...###.#....# #.#
...+.#.#.#### #.#
...#.#.#.#######.#
...#.#.#.........#
.....#.#.#########
.......#.#


You could see an adder.

Vanquished Creatures
  A dart slug (D:1)
  2 ball pythons (D:1)
  2 bats (D:1)
  A giant cockroach (D:2)
  2 hobgoblins (D:1)
  A frilled lizard (D:1)
  2 goblins (D:1)
  2 kobolds (D:1)
  2 rats (D:1)
15 creatures vanquished.

Notes
Turn   | Place    | Note
-------+----------+-------------------------------------------
     0 | D:1      | kae the Draconian Transmuter began the quest for the Orb.
     0 | D:1      | Reached XP level 1. HP: 16/16 MP: 3/3
   375 | D:1      | Reached XP level 2. HP: 22/23 MP: 1/5
   461 | D:1      | Found a faded altar of an unknown god.
   738 | D:2      | Noticed Jessica
   750 | D:1      | Gained mutation: You are partially covered in large bone
                  | plates. (SH +4) [potion of mutation]
   750 | D:1      | Gained mutation: You expend magic power (3 MP) to
                  | strengthen your wands. [potion of mutation]
   750 | D:1      | Succumbed to an adder's poison

Illustrated notes

Levels and vault maps discovered:
D:1:      dpeg_arrival_round_a, layout_basic,
          shapermc_ecumenical_altar_acropolis, lemuel_another_geyser
D:2:      layout_rooms, uniq_sigmund, uniq_terence, uniq_jessica

Action                   || total
-------------------------++-------
Melee: Unarmed           ||    48
       Kick              ||     4
       Tailslap          ||     5
       Headbutt          ||     4
 Cast: Beastly Appendage ||    10
  Use: Potion            ||     1
Armor: Skin              ||    33
Dodge: Dodged            ||    53

Table legend: (Time is in decaauts)
 A = Elapsed time spent in this place.
 B = Non-inter-level travel time spent in this place.
 C = Inter-level travel time spent in this place.
 D = Time resting spent in this place.
 E = Time spent auto-exploring this place.
 F = Levels seen in this place.
 G = Mean time per level.
                   A        B        C        D        E       F      G
               +--------+--------+--------+--------+--------+-----+--------+
         Total |    747 |    727 |     20 |      0 |    596 |   2 |  373.5 |
       Dungeon |    747 |    727 |     20 |      0 |    596 |   2 |  373.5 |
               +--------+--------+--------+--------+--------+-----+--------+

Top non-repeatable levels by time:
     D:1: 736 daAuts
     D:2: 10 daAuts
